 Dungeon Crawl Stone Soup version 0.29.0-11-gd7f09526c8 (webtiles) character file.

Game seed: 9125268166985583858

1689 SensoryNuts the Covert (level 9, -3/55 (58) HPs)
             Began as an Octopode Fighter on Sept 6, 2022.
             Slain by a killer bee (5 damage)
             ... on level 7 of the Dungeon.
             The game lasted 00:07:30 (6879 turns).

SensoryNuts the Covert (Octopode Fighter)           Turns: 6879, Time: 00:07:31

HP:   -3/55 (58)    AC:  1    Str: 21      XL:     9   Next: 2%
MP:   9/9           EV: 14    Int: 11      God:
Gold: 494           SH:  6    Dex: 14 (15) Spells: 8/8 levels left

rFire   . . .      SeeInvis .   c - +3 short sword (venom)
rCold   . . .      Faith    .   b - +1 buckler
rNeg    . . .      Spirit   .   (helmet restricted)
rPois   .          Reflect  .   (no amulet)
rElec   .          Harm     .   l - +6 ring of strength
rCorr   .          Rampage  .   (no ring)
Will    .....                   (no ring)
Stlth   +++++.....              (no ring)
HPRegen 0.18/turn               (no ring)
MPRegen 0.11/turn               (no ring)
                                (no ring)
                                (no ring)

@: drained
A: almost no armour, amphibious, 8 rings, camouflage 1, gelatinous body 1,
(nimble swimmer 1), tentacles
a: no special abilities


You were on level 7 of the Dungeon.
You visited 2 branches of the dungeon, and saw 9 of its levels.

You collected 521 gold pieces.
You spent 27 gold pieces at shops.

Inventory:

Hand Weapons
 c - a +3 short sword of venom (weapon)
Missiles
 a - a throwing net
Armour
 b - a +1 buckler (worn)
Jewellery
 f - a ring of magical power
 l - a +6 ring of strength (left tentacle)
Wands
 s - a wand of flame (24) (quivered)
Scrolls
 d - a scroll of butterflies
 e - 3 scrolls of teleportation
 r - a scroll of fear
 t - a scroll of poison
Potions
 g - 3 potions of lignification
 h - 2 potions of flight
 k - a potion of attraction {unknown}
 m - 2 potions of resistance {unknown}
 n - a potion of degeneration
 o - a potion of invisibility {unknown}
 q - 2 potions of mutation {unknown}


   Skills:
 + Level 4.3 Fighting
 * Level 6.9 Short Blades
 + Level 4.6 Dodging
 * Level 9.9 Stealth
 + Level 4.0 Shields


You had 8 spell levels left.
You didn't know any spells.
Your spell library contained the following spells:

 Spells                   Type           Power      Damage    Failure   Level
 Magic Dart               Conj           0%         1d3       41%         1
 Call Imp                 Summ           0%         N/A       56%         2
 Call Canine Familiar     Summ           0%         N/A       80%         3
 Dazzling Flash           Conj/Hex       0%         N/A       80%         3
 Gell's Gravitas          Tloc           0%         N/A       80%         3
 Lesser Beckoning         Tloc           0%         N/A       80%         3
 Mephitic Cloud           Conj/Pois/Air  0%         N/A       80%         3
 Portal Projectile        Hex/Tloc       0%         N/A       80%         3
 Teleport Other           Tloc           0%         N/A       80%         3
 Iskenderun's Mystic Bla  Conj/Tloc      0%         2d3       99%         4
 Leda's Liquefaction      Hex/Erth       0%         N/A       99%         4
 Fireball                 Conj/Fire      0%         3d3       100%        5
 Iskenderun's Battlesphe  Conj           0%         2d6       100%        5
 Conjure Ball Lightning   Conj/Air       0%         3x3d6     100%        6
 Starburst                Conj/Fire      0%         6d3       100%        6
 Orb of Destruction       Conj           0%         9d5       100%        7


Dungeon Overview and Level Annotations

Branches:
Dungeon (8/15)             Temple (1/1) D:5
   Lair: D:8-11

Altars:
Dithmenos
Fedhas
Gozag
Hepliaklqana
Kikubaaqudgha
Makhleb
Nemelex Xobeh
Okawaru
Qazlal
Ru
Sif Muna
Trog
Uskayaw
Vehumet
Wu Jian
Xom
Zin
The Shining One

Shops:
D:2 *


Innate Abilities, Weirdness & Mutations

You cannot wear most types of armour.
You are amphibious.
You can wear up to eight rings at the same time.
Your skin changes colour to match your surroundings (Stealth+).
Your rubbery body absorbs attacks. (AC +1, EV +1)
((You are camouflaged when in or above water. (Stealth+)))
You have tentacles for arms and can constrict up to eight enemies at once.


Message History

There is a stone staircase leading down, spattered with blood here.
You closely miss the killer bee. Your grab misses the killer bee.
You block the killer bee's attack. The killer bee stings you.
The killer bee closely misses you. The killer bee stings you. x2
You block the killer bee's attack.
You hit the killer bee but do no damage.
The killer bee is poisoned.
You grab the killer bee. You tentacle-slap the killer bee.
You squeeze the killer bee.
The killer bee is moderately wounded.
You constrict the killer bee. The killer bee misses you.
The killer bee stings you! You block the killer bee's attack. x2
The killer bee stings you. The killer bee barely misses you.
Okay, then.
You closely miss the killer bee.
The killer bee is severely wounded.
You constrict the killer bee, but do no damage.
The killer bee stings you. You block the killer bee's attack.
The killer bee closely misses you.
You puncture the killer bee!
You kill the killer bee!
The killer bee stings you.
You are poisoned.
The killer bee poisons you! The killer bee stings you.
* * * LOW HITPOINT WARNING * * *
The killer bee barely misses you. The killer bee closely misses you.
You feel much better.
You feel sick. The killer bee barely misses you. The killer bee stings you! x3
* * * LOW HITPOINT WARNING * * *
You barely miss the killer bee. Your grab misses the killer bee.
You feel sick. The killer bee barely misses you. The killer bee stings you!
* * * LOW HITPOINT WARNING * * *
You feel better. The killer bee misses you. The killer bee stings you.
* * * LOW HITPOINT WARNING * * *
The killer bee stings you but does no damage.
You block the killer bee's attack.
You miss the killer bee. Your grab misses the killer bee.
The killer bee barely misses you. The killer bee stings you!
* * * LOW HITPOINT WARNING * * *
The killer bee closely misses you. The killer bee stings you.
You die...

#...##...........
#.####.........#.
#.# #...........
#.# ####....##.#
#.# #....#... #.#
#..#...#.
##.#######...#....
#.y...............
#@y.........#.....
#[†.........#.....
#.............[#..
#.................
#...........#.....
#.#.##.....#......
##.#....#..........
#....###...........
#....##............


You could see 2 killer bees.

Vanquished Creatures
  Grinder (D:5)
  Sigmund (D:3)
  An orc warrior (D:6)
  Blork the orc (D:5)
  4 bullfrogs
  2 scorpions
  A necrophage (D:5)
  A wight (D:7)
  3 killer bees
  A howler monkey (D:5)
  5 hounds
  A gnoll bouda (D:6)
  A jelly (D:6)
  4 orc priests (D:6)
  An orc wizard (D:6)
  5 gnolls
  3 adders
  A shadow imp (D:5)
  2 white imps (D:6)
  An ufetubus (D:6)
  3 dart slugs
  A worm (D:4)
  10 orcs
  9 ball pythons
  4 bats
  2 endoplasms
  3 giant cockroaches
  3 hobgoblins
  4 jackals (D:3)
  2 quokkas
  A frilled lizard (D:1)
  4 goblins
  3 kobolds (D:4)
  4 rats
93 creatures vanquished.

Notes
Turn   | Place    | Note
-------+----------+-------------------------------------------
     0 | D:1      | SensoryNuts the Octopode Fighter began the quest for the
                  | Orb.
     0 | D:1      | Reached XP level 1. HP: 16/16 MP: 1/1
   224 | D:1      | You fall into a shaft and drop 1 floor!
   307 | D:2      | Reached XP level 2. HP: 13/21 MP: 2/2
   838 | D:1      | Reached skill level 1 in Stealth
  1182 | D:2      | Found a shimmering blue altar of Sif Muna.
  1407 | D:2      | Found Waneip's Assorted Antiques.
  1419 | D:2      | Bought a scroll labelled BUFOLU SUACWYI for 27 gold pieces
  1553 | D:2      | Reached XP level 3. HP: 23/26 MP: 3/3
  1776 | D:3      | Noticed Sigmund
  1790 | D:3      | Killed Sigmund
  1791 | D:3      | Reached skill level 3 in Stealth
  1791 | D:3      | Reached XP level 4. HP: 32/32 MP: 4/4
  1791 | D:3      | Reached XP level 5. HP: 36/36 MP: 5/5
  1808 | D:3      | Found a bloodstained altar of Trog.
  1935 | D:3      | Found a faded altar of an unknown god.
  2289 | D:3      | Found a radiant altar of Vehumet.
  2603 | D:4      | Found an ancient bone altar of Kikubaaqudgha.
  2698 | D:4      | Reached XP level 6. HP: 41/43 MP: 6/6
  2746 | D:4      | Identified the +6 great sword of the Harvest {elec, rN+}
  2951 | D:4      | Found a hide-covered altar of Uskayaw.
  3139 | D:5      | Entered Level 5 of the Dungeon
  3140 | D:5      | Found a staircase to the Ecumenical Temple.
  3140 | D:5      | Noticed Blork the orc
  3149 | D:5      | Killed Blork the orc
  3150 | D:5      | Reached skill level 4 in Stealth
  3209 | D:5      | Reached skill level 5 in Stealth
  3293 | D:5      | Noticed Grinder
  3306 | D:5      | Killed Grinder
  3307 | D:5      | Reached skill level 6 in Stealth
  3307 | D:5      | Reached XP level 7. HP: 13/47 MP: 7/7
  3539 | D:5      | Reached skill level 7 in Stealth
  3892 | Temple   | Entered the Ecumenical Temple
  4125 | D:5      | Reached skill level 5 in Short Blades
  4371 | D:5      | Reached skill level 8 in Stealth
  4544 | D:6      | Reached XP level 8. HP: 40/54 MP: 8/8
  5084 | D:6      | Found a sacrificial altar of Ru.
  5084 | D:6      | Found a shadowy altar of Dithmenos.
  5448 | D:6      | Reached skill level 9 in Stealth
  6484 | D:7      | Found a glowing golden altar of the Shining One.
  6859 | D:7      | Reached XP level 9. HP: 51/53 MP: 9/9
  6879 | D:7      | HP: 2/55 [killer bee (9)]
  6879 | D:7      | Slain by a killer bee

Illustrated notes

Levels and vault maps discovered:
D:1:      scummos_arrival_simple_fountains, layout_loops_corners, chequers_jeans
D:2:      layout_loops_cross, basic_altar, serial_shops, nicolae_lakefront_shop
D:3:      layout_loops_cross, nicolae_vehumet_radiance,
          mainiacjoe_overflow_surrounded_room,
          shapermc_ecumenical_altar_notcrosses, uniq_sigmund
D:4:      layout_basic, kennysheep_mini_moat, kennysheep_little_box
D:5:      layout_loops_ring, minmay_temple_entry_stoned_glass, uniq_grinder,
          uniq_blork_the_orc
D:6:      layout_rooms, mainiacjoe_overflow_large_starburst
D:7:      layout_rooms, nicolae_tso_carved_into_rock, enter_bailey_2
D:8:      layout_loops_cross, grunt_temple_overflow_diamond, chei_slow_surprise,
          mainiacjoe_overflow_24_doors, lair_entry_dummy
Temple:   nicolae_temple_bog_church

Skill      XL: |  1  2  3  4  5  6  7  8 |
---------------+-------------------------+-----
Stealth        | 1 3 6 8 9 |  9.9
Short Blades   | 3 4 5 6 |  6.9
Dodging        | 4 |  4.6
Fighting       | 4 |  4.3
Shields        | 4 |  4.0

Action                   |  1- 3 |  4- 6 |  7- 9 || total
-------------------------+-------+-------+-------++-------
Melee: Rapier            |    38 |       |       ||    38
       Constrict         |    12 |    11 |    28 ||    51
       Tentacles         |    11 |    14 |    25 ||    50
       Short sword       |       |    53 |    99 ||   152
       Punch             |       |     1 |     2 ||     3
  Use: Scroll            |     5 |     8 |     3 ||    16
       Potion            |     3 |       |     9 ||    12
 Stab: Sleeping          |     4 |    14 |     5 ||    23
       Distracted        |       |     1 |     1 ||     2
Armor: Skin              |     5 |     4 |     3 ||    12
Dodge: Dodged            |    23 |    16 |    85 ||   124
Block: Buckler           |     6 |    10 |    46 ||    62
